[Event "Team 45 45 League T62"]
[Site "Internet Chess Club"]
[Date "2014.09.28"]
[Round "5"]
[White "Timotheous"]
[Black "drsigmund1"]
[Result "1-0"]
[WhiteElo "1857"]
[BlackElo "1599"]
[Opening "Réti opening"]
[ECO "A04"]
[Time "14:00:36"]
[TimeControl "2700+45"]

1. Nf3 h6 2. c4 e6 3. g3 c5 4. Bg2 Nc6 5. O-O Nf6 6. b3 Be7 7. Bb2 O-O 8. d3 d6
9. Nbd2 Rb8 10. a3 b5 11. Qc2 a5 12. Bc3 b4 13. Bb2 Bd7 14. a4 d5 15. Ne5 Nd4
16. Bxd4 cxd4 17. Nxd7 Qxd7 18. Nf3 Bc5 19. Rac1 Rbc8 20. Qb2 Qa7 21. Nd2 Rfd8
22. cxd5 exd5 23. Rc2 Re8 24. Nf3 Nd7 25. Qc1 f6 26. Nxd4 Ne5 27. Bxd5+ Kh8 28.
Nb5 Qb6 29. d4 Qd8 30. Rxc5 Rxc5 31. Qxc5 Nd7 32. Qc2 Nb8 33. Bf3 Qd7 34. e3 Rc8
35. Qd1 Nc6 36. Bxc6 Rxc6 37. Qb1 Qe6 38. Rd1 Qd5 39. e4 Qh5 40. e5 fxe5 41.
dxe5 Re6 42. Rd8+ Re8 43. Rxe8+ Qxe8 44. Qf5 Qd8 45. Nd6 {Black resigns} 1-0

[Event "Team 45 45 League T62"]
[Site "Internet Chess Club"]
[Date "2014.09.26"]
[Round "5"]
[White "juniorVishy"]
[Black "Buford-Julep"]
[Result "1-0"]
[WhiteElo "1926"]
[BlackElo "1687"]
[Opening "QGA: classical, 6...a6"]
[ECO "D27"]
[Time "20:01:22"]
[TimeControl "2700+45"]

1. d4 d5 2. c4 dxc4 3. e3 Nf6 4. Bxc4 e6 5. Nf3 c5 6. O-O a6 7. Nc3 b5 8. Bb3
Bb7 9. Qe2 Nbd7 10. Rd1 Qc7 11. e4 cxd4 12. Nxd4 Nc5 13. e5 Nxb3 14. Nxb3 Nd5
15. Bd2 Nxc3 16. Bxc3 Qc6 17. f3 Rc8 18. Rac1 Qc7 19. Ba5 Qb8 20. Rxc8+ Qxc8 21.
Rd8+ Qxd8 22. Bxd8 Kxd8 23. Qd3+ Bd5 24. Qd4 {Black resigns} 1-0

[Event "Team 45 45 League T62"]
[Site "Internet Chess Club"]
[Date "2014.09.26"]
[Round "5"]
[White "sockbuf"]
[Black "tcao2005"]
[Result "1/2-1/2"]
[WhiteElo "1677"]
[BlackElo "1556"]
[Opening "Sicilian defense"]
[ECO "B30"]
[Time "16:30:15"]
[TimeControl "2700+45"]

1. e4 c5 2. Nf3 Nc6 3. c3 Nf6 4. e5 Nd5 5. d4 cxd4 6. cxd4 d6 7. Bc4 Nb6 8. Bb3
dxe5 9. d5 Na5 10. Nc3 Nxb3 11. Qxb3 e6 12. Nxe5 Bd6 13. Qb5+ Kf8 14. Nf3 Nxd5
15. Nxd5 exd5 16. Be3 a6 17. Qb3 Qa5+ 18. Bd2 Qb5 19. Qxb5 axb5 20. O-O f6 21.
Rfe1 Kf7 22. a3 Re8 23. Rxe8 Kxe8 24. Re1+ Kf7 25. Bc3 Ra4 26. Rd1 Be6 27. Nd4
b4 28. axb4 Be5 29. h3 Ra2 30. Kf1 g5 31. Ke2 Bd7 32. Kf3 h5 33. g4 h4 {Game
drawn by mutual agreement} 1/2-1/2

[Event "Team 45 45 League T62"]
[Site "Internet Chess Club"]
[Date "2014.09.29"]
[Round "5"]
[White "calsal"]
[Black "Packerfan"]
[Result "1-0"]
[WhiteElo "1758"]
[BlackElo "1728"]
[Opening "Bishop's opening: Philidor counter-attack"]
[ECO "C23"]
[Time "09:09:02"]
[TimeControl "2700+45"]

1. e4 e5 2. Bc4 c6 3. Nf3 d5 4. Bb3 Bg4 5. h3 Bxf3 6. Qxf3 Nf6 7. exd5 cxd5 8.
Nc3 d4 9. Qxb7 Nbd7 10. Nd5 Bd6 11. Nxf6+ gxf6 12. Qd5 {Black resigns} 1-0

[Event "Team 45 45 League T62"]
[Site "Internet Chess Club"]
[Date "2014.09.26"]
[Round "5"]
[White "clarinetref"]
[Black "Ostap-Bender"]
[Result "0-1"]
[WhiteElo "1598"]
[BlackElo "1445"]
[Opening "Sicilian defense"]
[ECO "B40"]
[Time "21:00:40"]
[TimeControl "2700+45"]

1. e4 c5 2. Nf3 e6 3. c4 Nc6 4. Nc3 d6 5. d4 cxd4 6. Nxd4 Nf6 7. Bg5 h6 8. Bh4
Be7 9. f3 O-O 10. Bd3 Nxd4 11. Bb1 e5 12. O-O Qb6 13. Bf2 Qxb2 14. Bd3 Qxc3 15.
Be1 Qa3 {White resigns} 0-1

[Event "Team 45 45 League T62"]
[Site "Internet Chess Club"]
[Date "2014.09.28"]
[Round "5"]
[White "jjaillet2007"]
[Black "tryanything"]
[Result "1-0"]
[WhiteElo "1287"]
[BlackElo "1577"]
[Opening "English: symmetrical, Benoni formation"]
[ECO "A31"]
[Time "19:45:28"]
[TimeControl "2700+45"]

1. d4 Nf6 2. c4 c5 3. Nf3 cxd4 4. Nxd4 Nc6 5. Nb5 a6 6. N5c3 g6 7. Bf4 Bg7 8.
Nd2 O-O 9. e3 d6 10. Bd3 Nb4 11. Bb1 Bd7 12. a3 Nc6 13. O-O Na7 14. Nf3 b5 15.
Ba2 bxc4 16. Bxc4 Nb5 17. Nxb5 Bxb5 18. Bxb5 axb5 19. Nd4 Qb6 20. Qf3 e5 21. Bg5
exd4 22. Bxf6 dxe3 23. Bxg7 exf2+ 24. Rxf2 Kxg7 25. Re1 Rac8 26. Kf1 Qc6 27.
Qxc6 Rxc6 28. Rfe2 Rc7 29. Re7 Rfc8 30. Kf2 Kf6 31. Rxc7 Rxc7 32. Kf3 Rc2 33.
Re2 Rxe2 34. Kxe2 Ke5 35. Kd3 Kd5 36. Kc3 f5 37. Kb4 Kc6 38. b3 h5 39. a4 bxa4
40. bxa4 g5 41. a5 f4 42. Kc4 g4 43. Kd4 f3 44. gxf3 gxf3 45. Ke3 Kb5 46. Kxf3
Kxa5 47. Ke4 Kb5 48. Kd5 Kb4 49. Kxd6 Kc3 50. Ke5 Kd3 51. Kf4 Ke2 52. Kg3 Kf1
53. h3 Kg1 54. h4 Kh1 55. Kf4 Kh2 56. Kg5 Kh3 57. Kxh5 {Black resigns} 1-0

[Event "Team 45 45 League T62"]
[Site "Internet Chess Club"]
[Date "2014.09.27"]
[Round "5"]
[White "PostMike"]
[Black "RobertBuice"]
[Result "1-0"]
[WhiteElo "1470"]
[BlackElo "1079"]
[Opening "two knights defense: Lolli attack"]
[ECO "C57"]
[Time "14:30:43"]
[TimeControl "2700+45"]

1. e4 e5 2. Nf3 Nc6 3. Bc4 Nf6 4. Ng5 d5 5. exd5 Nxd5 6. d4 Nxd4 7. c3 Be7 8.
Nxf7 Kxf7 9. Qh5+ g6 10. Qxe5 b5 11. Bxd5+ Be6 12. Qxd4 Qxd5 13. Qxd5 Bxd5 14.
O-O h5 15. Be3 g5 16. Nd2 Rad8 17. Rfd1 a6 18. b3 g4 19. Rac1 h4 20. c4 Ba3 21.
Rb1 Bc6 22. c5 h3 23. g3 Bg2 24. b4 Rd3 25. Nf1 Rhd8 26. Rxd3 Rxd3 27. Bf4 a5
28. bxa5 Rf3 29. Ne3 Bxc5 30. Rxb5 Bxe3 31. Bxe3 c6 32. Rb4 Rf6 33. Rf4 Rxf4 34.
Bxf4 c5 35. a6 c4 36. Be5 Ke6 37. Ba1 Kd6 38. f4 gxf3 39. Kf2 Kc6 40. a7 Kb7 41.
Bd4 Ka8 42. Ke1 c3 43. Kd1 Bf1 44. Kc2 Kb7 45. Kxc3 Ka8 46. Kd2 Bb5 47. Ke3 Kb7
48. Kxf3 Bc6+ 49. Kf4 Ka6 50. g4 Ka5 51. g5 Kb4 52. g6 Kc4 53. Be5 Bd5 54. g7
Kd3 55. a8=Q Bxa8 56. g8=Q Ke2 57. Qxa8 Kf2 58. Kg4 Ke3 59. a4 Kd2 60. a5 Kc2
61. a6 Kb3 62. Qc6 Kb4 63. a7 Ka5 64. Qb7 Ka4 65. a8=Q# {Black checkmated} 1-0

[Event "Team 45 45 League T62"]
[Site "Internet Chess Club"]
[Date "2014.10.04"]
[Round "5"]
[White "Greedy-Reedy"]
[Black "lemorgado"]
[Result "1/2-1/2"]
[WhiteElo "1958"]
[BlackElo "1950"]
[Opening "Caro-Kann: exchange variation"]
[ECO "B13"]
[Time "13:17:35"]
[TimeControl "2700+45"]

1. e4 c6 2. d4 d5 3. exd5 Qxd5 4. Nc3 Qd8 5. Bc4 Nf6 6. Nf3 e6 7. O-O Be7 8. Bf4
O-O 9. Qe2 Nbd7 10. Rad1 Nb6 11. Bd3 Nbd5 12. Bd2 Qc7 13. Ne4 Nf4 14. Qe3 Nxd3
15. Qxd3 Rd8 16. Qe2 b6 17. c3 Bb7 18. Ng3 c5 19. Be3 Nd5 20. Bc1 Bf6 21. dxc5
Qxc5 22. Ne4 Qe7 {Game drawn by mutual agreement} 1/2-1/2

[Event "Team 45 45 League T62"]
[Site "Internet Chess Club"]
[Date "2014.09.26"]
[Round "5"]
[White "chess09"]
[Black "IshanR"]
[Result "0-1"]
[WhiteElo "1900"]
[BlackElo "1902"]
[Opening "QGD: Tarrasch defense, 4.cd ed"]
[ECO "D32"]
[Time "21:01:35"]
[TimeControl "2700+45"]

1. d4 d5 2. c4 e6 3. Nc3 c5 4. cxd5 exd5 5. e3 Nf6 6. Nf3 Nc6 7. Ne5 Bd6 8. Bb5
Bd7 9. Nxd7 Qxd7 10. O-O O-O 11. b3 cxd4 12. exd4 Rfe8 13. Bg5 Ne4 14. Nxe4 Rxe4
15. f3 Re6 16. Rc1 Qc7 17. h3 Rae8 18. Rc2 Bg3 19. Bd2 Qb6 20. Bxc6 Qxd4+ 21.
Kh1 bxc6 22. Qc1 Re2 23. Bc3 Qd3 24. Rxe2 Qxe2 25. Ba1 c5 26. Rg1 Bf2 27. Rf1 d4
28. Rd1 d3 29. Kh2 Be3 30. Qb1 d2 31. Qc2 Bf4+ 32. Kg1 Qe1+ 33. Rxe1 dxe1=Q#
{White checkmated} 0-1

[Event "Team 45 45 League T62"]
[Site "Internet Chess Club"]
[Date "2014.09.27"]
[Round "5"]
[White "timothysmall56"]
[Black "losscause"]
[Result "1/2-1/2"]
[WhiteElo "1720"]
[BlackElo "1603"]
[Opening "French defense"]
[ECO "C01"]
[Time "23:00:54"]
[TimeControl "2700+45"]

1. e4 e6 2. d4 c5 3. c3 b6 4. Nf3 Bb7 5. Bd3 c4 6. Bc2 d6 7. Na3 d5 8. exd5 Bxd5
9. Qe2 Bxa3 10. bxa3 Nf6 11. Ba4+ Nbd7 12. Bg5 h6 13. Bxd7+ Kxd7 14. Bd2 Qc7 15.
O-O Ne4 16. Ne5+ Ke7 17. f3 Nxd2 18. Qxd2 Rhe8 19. Qf4 f6 20. Ng6+ Kd8 21. Qxc7+
Kxc7 22. Rfe1 Kd6 23. Re2 Rac8 24. Rae1 Rc7 25. f4 Rc6 26. f5 Kd7 27. Nf4 Rcc8
28. fxe6+ Kd6 29. Nxd5 Kxd5 30. e7 Rc7 31. Re6 Rc6 32. Rxc6 Kxc6 33. Kf2 Kd6 34.
Kf3 Rxe7 35. Rxe7 Kxe7 36. Ke4 Ke6 37. d5+ Kd6 38. g4 g6 39. h4 f5+ 40. gxf5
gxf5+ 41. Kxf5 Kxd5 42. Kg6 Ke4 43. Kxh6 Kd3 44. Kg5 Kxc3 45. h5 Kd3 46. h6 c3
47. h7 c2 48. h8=Q c1=Q+ 49. Kf5 Qc5+ {Game drawn by mutual agreement} 1/2-1/2

[Event "Team 45 45 League T62"]
[Site "Internet Chess Club"]
[Date "2014.09.29"]
[Round "5"]
[White "Shanghaied"]
[Black "Kali-Linux"]
[Result "1/2-1/2"]
[WhiteElo "1906"]
[BlackElo "1935"]
[Opening "KGA: Abbazia defense, modern variation"]
[ECO "C31"]
[Time "20:03:39"]
[TimeControl "2700+45"]

1. e4 e5 2. f4 d5 3. exd5 exf4 4. Nf3 Nf6 5. Bb5+ c6 6. dxc6 Nxc6 7. d4 Bd6 8.
O-O O-O 9. Nbd2 Bg4 10. c3 Re8 11. Bd3 h6 12. Re1 Qd7 13. Ne4 Nxe4 14. Bxe4 Rad8
15. Qd3 Ne7 16. Bd2 Kh8 17. Qc2 g5 18. Rad1 Nf5 19. h3 Bxf3 20. Bxf3 Rxe1+ 21.
Rxe1 Nh4 22. Qe4 Nxf3+ 23. Qxf3 Kg7 24. Qe4 b5 25. b3 Qc8 26. Qd3 Qd7 27. Qe4
Qc8 28. Qd3 Qd7 29. Qe4 {Game drawn by repetition} 1/2-1/2

[Event "Team 45 45 League T62"]
[Site "Internet Chess Club"]
[Date "2014.09.29"]
[Round "5"]
[White "Bleddyn"]
[Black "LazyPeon"]
[Result "0-1"]
[WhiteElo "1681"]
[BlackElo "1924"]
[Opening "King's Indian: London system"]
[ECO "A45"]
[Time "17:05:10"]
[TimeControl "2700+45"]

1. d4 Nf6 2. Bf4 g6 3. Nf3 Bg7 4. e3 d6 5. c4 O-O 6. Nc3 c5 7. Be2 cxd4 8. exd4
d5 9. O-O Nc6 10. h3 dxc4 11. Bxc4 Na5 12. Be2 Nd5 13. Nxd5 Qxd5 14. Be3 b6 15.
b3 Bb7 16. Rc1 Rac8 17. Qd2 Rfd8 18. Rxc8 Rxc8 19. Rc1 Rd8 20. Bc4 Nxc4 21. bxc4
Qf5 22. d5 e6 23. Nd4 Qe5 24. Nb5 exd5 25. Nxa7 Re8 26. Bxb6 dxc4 27. Qe3 Qb8
28. Qc5 c3 29. Nc6 Bxc6 30. Qxc6 Rc8 31. Qb5 Bd4 {White resigns} 0-1

[Event "Team 45 45 League T62"]
[Site "Internet Chess Club"]
[Date "2014.09.30"]
[Round "5"]
[White "Nathan-L"]
[Black "elmaestro"]
[Result "0-1"]
[WhiteElo "1809"]
[BlackElo "1803"]
[Opening "Dutch"]
[ECO "A80"]
[Time "18:00:33"]
[TimeControl "2700+45"]

1. d4 f5 2. Nf3 Nf6 3. Bf4 e6 4. e3 Be7 5. h3 O-O 6. Bd3 d6 7. c4 Nc6 8. O-O Qe8
9. Nc3 Bd8 10. Bh2 e5 11. dxe5 dxe5 12. Be2 a6 13. Qb3 Kh8 14. Rad1 Rg8 15. h4
h6 16. Ne1 g5 17. hxg5 hxg5 18. f3 Rg7 19. Kf2 Rh7 20. Bg1 g4 21. Nd3 Nh5 22. e4
Ng3 23. Rfe1 f4 24. Nd5 Nd4 25. Qb4 Bh4 26. Bh2 Ngxe2+ 27. Kf1 Bxe1 28. Kxe1
Rxh2 29. Kd2 a5 30. Qa3 Be6 31. Nxc7 Qf8 32. Nc5 Rd8 33. Nxb7 Nb5+ {White
resigns} 0-1

[Event "Team 45 45 League T62"]
[Site "Internet Chess Club"]
[Date "2014.09.27"]
[Round "5"]
[White "mongmong"]
[Black "subterfuge"]
[Result "1-0"]
[WhiteElo "1620"]
[BlackElo "1725"]
[Opening "Queen's pawn game"]
[ECO "D04"]
[Time "22:00:47"]
[TimeControl "2700+45"]

1. d4 Nf6 2. Nf3 d5 3. e3 Bg4 4. c4 c6 5. h3 Bf5 6. Nc3 e6 7. Bd3 Bg6 8. Ne5 Bd6
9. Nxg6 hxg6 10. cxd5 exd5 11. Bd2 Nbd7 12. Qc2 Ng4 13. Bxg6 Ndf6 14. Bf5 Nxf2
15. Kxf2 Qe7 16. Raf1 g6 17. Bd3 O-O-O 18. Ke2 Kb8 19. Kd1 c5 20. Qa4 Ne4 21.
Nxd5 Qe6 22. Nf4 Bxf4 23. exf4 Rxd4 24. Qc2 Nxd2 25. Qxd2 Rhd8 26. Kc1 Rxd3 27.
Qc2 Qxa2 28. Qb1 R8d4 29. Qxa2 b5 30. Rd1 {Black resigns} 1-0